[Event "*** MasterClass Titled Tuesday Blitz"]
[Site "Chess.com"]
[Date "2017.12.12"]
[Round "2"]
[White "AquivaRubinstein"]
[Black "dawtonlms"]
[Result "0-1"]
[WhiteElo "2257"]
[BlackElo "2257"]
[TimeControl "180+2"]
[EndTime "13:23:37 PST"]
[Termination "dawtonlms won by resignation"]

1. e4 c5 2. Nf3 d6 3. d4 cxd4 4. Nxd4 Nf6 5. Nc3 a6 6. Be3 e6 7.
f3 b5 8. a4 b4 9. Na2 d5 10.
e5 Nfd7 11. f4 Bc5 12. Qd2 Qb6 13. Nc1 Nc6 14. Ncb3 Nxd4 15. Nxc5 Qxc5 16. Bxd4 Qe7 17. Bd3 O-O 18. O-O a5 19. f5 exf5 20. Rae1 Ba6 21.
Rxf5 Bxd3 22. Qxd3 Nc5 23. Qg3 Ne6 24. Rd1 Qd7 25. Qg4 Qxa4 26. b3 Qc6 27. Rd2 a4 28. bxa4 Rxa4 29. h4 Ra2 30. Bf2 Rxc2 31. Rxc2 Qxc2 32.
Rf3 b3 33. Qb4 Qc1+ 34. Kh2 b2 35. Rb3 Qc7 36. Bg3 Qc4 37. Qxc4 dxc4 38. Rxb2 h5 39.
Rc2 Rc8 40. Bf2 Kh7 41. Kg3 Kg6 42.
Be1 Nd4 43. Rd2 Nf5+ 44. Kf4 c3 45. Rc2 Rc4+ 46. Kf3 Nd4+ 47. Ke4 Nxc2+ 48. Kd3 Nxe1+ 49. Kxc4 c2 0-1

[Event "*** MasterClass Titled Tuesday Blitz"]
[Site "Chess.com"]
[Date "2017.12.12"]
[Round "2"]
[White "Taron_Shagbazyan"]
[Black "MITerryble"]
[Result "1-0"]
[WhiteElo "2518"]
[BlackElo "2648"]
[TimeControl "180+2"]
[EndTime "13:23:38 PST"]
[Termination "Taron_Shagbazyan won by resignation"]

1. d4 e6 2. c4 Bb4+ 3. Nc3 f5 4. g3 Nf6 5. Bg2 O-O 6. Nh3 Bxc3+ 7. bxc3 d6 8. a4 Qe7 9. O-O e5 10. a5 e4 11. Ba3 Nc6 12. c5 Be6 13. Qa4 a6 14.
cxd6 cxd6 15. Nf4 Bf7 16. Rab1 g5 17. Nh3 Nd5 18. Rfc1 g4 19. Nf4 Nxf4 20. gxf4 e3 21. d5 exf2+ 22. Kxf2 Na7 23. Qd4 Nb5 24. Rxb5 axb5 25.
c4 Rfc8 26. Bb2 Bg6 27. c5 dxc5 28. Qh8+ Kf7 29. Qg7+ Ke8 30. Qc3 b4 31. Qe5 Qxe5 32.
fxe5 c4 33. Bd4 Rxa5 34. d6 Rcc5 35. e6 Rd5 36. d7+ Ke7 37. Bxd5 Rxd5 38. Bb6 c3 39. Ba5 Rd4 40. Bxb4+ Rxb4 41. Rd1 Kd8 42. e7+ Kxe7 43. d8=Q+ Kf7 44. Qc7+ Kf6 45. Qxc3+ Kg5 46. Qxb4 1-0

[Event "*** MasterClass Titled Tuesday Blitz"]
[Site "Chess.com"]
[Date "2017.12.12"]
[Round "2"]
[White "biostatistician"]
[Black "ohusbands"]
[Result "1-0"]
[WhiteElo "2338"]
[BlackElo "2359"]
[TimeControl "180+2"]
[EndTime "13:23:41 PST"]
[Termination "biostatistician won by resignation"]

1. d4 Nf6 2. Nf3 e6 3. c4 d5 4. Bg5 dxc4 5. e4 Bb4+ 6. Nc3 c5 7. Bxc4 cxd4 8. Nxd4 Bxc3+ 9. bxc3 Qa5 10. Bxf6 gxf6 11. O-O Bd7 12. Qf3 Qe5 13. Rad1 Nc6 14. Nb5 Ke7 15. Qe3 b6 16. Be2 Qc5 17. Nd4 Ne5 18. Rd2 Rhd8 19. Rfd1 Be8 20. Qh3 Rac8 21. Qxh7 Qxc3 22.
Qh6 Nc4 23. Bxc4 Qxc4 24. h4 Qc5 25. h5 Qg5 26. Qxg5 fxg5 27. g4 Kf6 28. f3 Ba4 29. Nb3 Rxd2 30. Rxd2 Bxb3 31. axb3 Rc3 32. Kf2 Rxb3 33.
Rd8 b5 34. Rg8 Rb1 35. Kg2 Rb2+ 36. Kg3 Rb1 37. Ra8 Ra1 38. Rg8 Rh1 39. Kg2 Rb1 40. h6 Rb2+ 41. Kg3 Rb1 42. h7 Rh1 43. h8=Q+ Rxh8 44.
Rxh8 Ke5 45. Ra8 Kd4 46. Rxa7 b4 47. Rxf7 b3 48. Rb7 Kc3 49. f4 gxf4+ 50. Kxf4 1-0

[Event "*** MasterClass Titled Tuesday Blitz"]
[Site "Chess.com"]
[Date "2017.12.12"]
[Round "2"]
[White "Babbelbox"]
[Black "florianschwabeneder"]
[Result "0-1"]
[WhiteElo "2426"]
[BlackElo "2477"]
[TimeControl "180+2"]
[EndTime "13:23:43 PST"]
[Termination "florianschwabeneder won by resignation"]

1. d4 d5 2. c4 e6 3. Nc3 Bb4 4. a3 Bxc3+ 5. bxc3 c6 6. cxd5 cxd5 7. e3 Nf6 8. c4 O-O 9. Nf3 b6 10. cxd5 Qxd5 11. Qa4 Bd7 12. Qc4 Rc8 13. Qxd5 Nxd5 14. Bd3 Nc6 15. O-O Na5 16. Bb2 Nc4 17. Bc1 f6 18. e4 Nc3 19. Bf4 Nb2 20. Ba6 Bb5 21. Bxc8 Rxc8 22. Rfe1 Nd3 23. Be3 Nxe1 24. Rxe1 Nxe4 25. Bf4 Nc3 26. Bd6 Kf7 27. g4 Rc6 28.
Bb8 a5 29. g5 Rc8 30. Ba7 Nd5 31.
Rb1 Bd3 32. Rb3 Bc4 33. Rb2 Ra8 34. Nd2 Ba6 35. Rxb6 Rxa7 36. Rc6 Bb5 37. Rc5 Bd7 38. Ne4 Ke7 39. gxf6+ gxf6 40. Kg2 a4 41. Kg3 f5 42. Ng5 h6 43. Nf3 Rc7 44. Ra5 Rc3 45. Kg2 Nf4+ 46.
Kg3 Ne2+ 47. Kg2 Bc6 48. d5 Bxd5 49. Ra7+ 0-1

[Event "*** MasterClass Titled Tuesday Blitz"]
[Site "Chess.com"]
[Date "2017.12.12"]
[Round "2"]
[White "destroyer305"]
[Black "viktoriani"]
[Result "1-0"]
[WhiteElo "2195"]
[BlackElo "2069"]
[TimeControl "180+2"]
[EndTime "13:23:53 PST"]
[Termination "destroyer305 won by resignation"]

1. e4 c5 2. d4 cxd4 3. c3 dxc3 4. Nxc3 Nc6 5. Nf3 g6 6. Bc4 Bg7 7. O-O Nf6 8. e5 Ng4 9. Bxf7+ Kxf7 10. Ng5+ Ke8 11.
Qxg4 Nxe5 12. Qe2 d6 13. h3 h6 14. Nge4 d5 15. Nc5 b6 16. Nb3 d4 17. Ne4 a5 18.
Rd1 Ba6 19. Qe1 Nd3 20. Qd2 a4 21. Qc2 axb3 22. Qxb3 Nc5 23. Qg3 g5 24. Qg4 Qd7 25. Qh5+ Kf8 26. Ng3 Qe8 27. Qf3+ Kg8 28. b4 Nd7 29. Qd5+ e6 30. Qc6 Ne5 31. Qe4 Qc6 32. Qe1 Bb7 33. f3 Rf8 34. Bb2 Rxf3 35. Bxd4 Re3 36. Qf2 Rxg3 37. Qxg3 Ng6 38. Bxg7 Kxg7 39.
Rd6 Qe4 40. Qc3+ Ne5 41. Rd2 Kg6 42. Rf1 Rc8 43. Qg3 Rc4 44. Re1 Qxg2+ 45. Qxg2 Bxg2 46.
Kxg2 Nf7 47. Rxe6+ Kf5 48. Rxb6 Ne5 49. Rb5 Kf4 50. Rf2+ Ke4 51. Re2+ 1-0

[Event "*** MasterClass Titled Tuesday Blitz"]
[Site "Chess.com"]
[Date "2017.12.12"]
[Round "2"]
[White "gmcorrales"]
[Black "A-Fier"]
[Result "0-1"]
[WhiteElo "2618"]
[BlackElo "2608"]
[TimeControl "180+2"]
[EndTime "13:23:57 PST"]
[Termination "A-Fier won by resignation"]

1. e4 c6 2. d4 d5 3. e5 Bf5 4.
Nf3 e6 5. Be2 c5 6. Be3 Qb6 7. Nc3 Nc6 8. O-O Qxb2 9. Nb5 c4 10.
Nc7+ Kd7 11. Nxa8 Bxc2 12. Qe1 Bb4 13. Bd2 c3 14. Be3 Nge7 15. Ng5 Bg6 16. a3 Ba5 17.
Nxf7 Rxa8 18. Ng5 c2 19. Bd2 Bxd2 20. Qxd2 Nxd4 21. Bg4 Rc8 22. Rac1 Bf5 23. Bxf5 Nexf5 24. g4 Nb3 25. Qb4 Nfd4 26. Qd6+ Ke8 27. Nxe6 Nxc1 28. Nxg7+ Kf7 29. Qd7+ Kg6 30. Nh5 Nde2+ 31. Kh1 Qxe5 32. Qxc8 Nd3 33. Qxc2 Qe4+ 34. f3 Nf2+ 35. Rxf2 Qxc2 36.
Kg2 Kf7 37. h4 d4 38. g5 d3 39. f4 Qc6+ 40. Kh3 Qh1+ 41. Kg4 Qg1+ 42. Kf3 Nd4+ 43. Ke3 Nf5+ 44. Kf3 Nxh4+ 45. Ke3 Ng2+ 46. Kf3 Ne1+ 47. Ke3 Nc2+ 48. Kf3 Qd1+ 49. Ke4 Qxh5 50. Kxd3 Ne1+ 51. Ke4 Qh4 52. Rd2 Qh1+ 53. Kf5 Qh3+ 54. Ke4 Qf3+ 55. Kd4 Qxf4+ 0-1

[Event "*** MasterClass Titled Tuesday Blitz"]
[Site "Chess.com"]
[Date "2017.12.12"]
[Round "2"]
[White "Msb2"]
[Black "JoachimBN"]
[Result "0-1"]
[WhiteElo "2663"]
[BlackElo "2574"]
[TimeControl "180+2"]
[EndTime "13:24:01 PST"]
[Termination "JoachimBN won by resignation"]

1. d4 Nf6 2. c4 e6 3. Nf3 Bb4+ 4. Nbd2 O-O 5. a3 Be7 6. e4 d6 7. Be2 c5 8. d5 Nbd7 9. O-O e5 10. Ne1 Ne8 11. Nd3 Bg5 12. f4 exf4 13. Nf3 Bf6 14.
Bxf4 Qe7 15. Qc2 b5 16. cxb5 Qxe4 17. Rae1 Qxd5 18. Nf2 Nb6 19. Bd3 Qh5 20. h3 c4 21.
Be4 Rb8 22. g4 Qc5 23. Bxh7+ Kh8 24. Kg2 Bb7 25. a4 Nd5 26. Bc1 Nb4 27. Qf5 g6 28.
Qxc5 dxc5 29. Bh6 Ng7 30. Ne4 Bxe4 31. Rxe4 Kxh7 32. Bc1 Nd3 33. Rxc4 Nxc1 34. Rcxc1 Ne6 35. b3 Rfd8 36. Rcd1 Kg7 37. Kg3 Nd4 38. g5 Be7 39. Kg4 Nf5 40. Rxd8 Rxd8 41. Re1 Bd6 42. h4 Nd4 43. Nxd4 cxd4 44. Rd1 Bb4 45. Rd3 Bc3 46. Kf3 Re8 47. Kf4 f6 48. gxf6+ Kxf6 49. Rg3 Re1 50. Rd3 Rb1 51. a5 Rxb3 52. Ke4 Rxb5 53. Rf3+ Rf5 54.
a6 Rxf3 55. Kxf3 d3 56. Ke3 d2 57. Ke2 Kf5 0-1

[Event "*** MasterClass Titled Tuesday Blitz"]
[Site "Chess.com"]
[Date "2017.12.12"]
[Round "2"]
[White "Divertissement"]
[Black "matiss90"]
[Result "0-1"]
[WhiteElo "2390"]
[BlackElo "2326"]
[TimeControl "180+2"]
[EndTime "13:24:03 PST"]
[Termination "matiss90 won by resignation"]

1. e4 c5 2. Nf3 d6 3. c3 Nf6 4. h3 g6 5. Bd3 Bg7 6. Bc2 O-O 7.
O-O Nc6 8. d4 cxd4 9. cxd4 Nb4 10. Bb3 Nxe4 11. Qe1 Nxf2 12. Qxf2 Nd3 13. Qd2 Nxc1 14.
Qxc1 Qb6 15. Qd2 e5 16. Kh1 e4 17. Ng5 Bf5 18. g4 e3 19. Qg2 Bd3 20. Rxf7 Rxf7 21. Bxf7+ Kh8 22. Nc3 Qxd4 23. Bd5 h6 24. Ne6 Qe5 25.
Re1 Re8 26. Nxg7 Kxg7 27. Bf3 Rf8 28. Kg1 Qf4 29. Nd5 Qxf3 30. Rxe3 Qxg2+ 31. Kxg2 Bc4 32. Nc3 d5 33. Re1 d4 34. Ne4 Bxa2 35. Kg3 Bd5 36.
Nc5 Rf3+ 37. Kh2 Rf2+ 38. Kg3 Rf3+ 39. Kh2 g5 40. Nd7 Rf2+ 41. Kg1 Rg2+ 42. Kf1 Rxb2 43. Re7+ Kg6 44. Nf8+ Kf6 45. Rc7 Bg2+ 46. Ke1 d3 47. Nd7+ Ke7 48. Nc5+ Kd6 49. Nxd3 Kxc7 50. Nxb2 Bxh3 0-1

[Event "*** MasterClass Titled Tuesday Blitz"]
[Site "Chess.com"]
[Date "2017.12.12"]
[Round "2"]
[White "MFBerna"]
[Black "raviteja81293"]
[Result "1-0"]
[WhiteElo "2278"]
[BlackElo "2402"]
[TimeControl "180+2"]
[EndTime "13:24:05 PST"]
[Termination "MFBerna won by resignation"]

1. e4 c6 2. d4 d5 3. exd5 cxd5 4. c4 Nf6 5. Nf3 g6 6. Be2 Bg7 7. O-O O-O 8. Nc3 Nc6 9. h3 Be6 10. c5 Ne4 11. Be3 Nxc3 12. bxc3 b6 13. cxb6 Qxb6 14. Rb1 Qa5 15. Qd2 Rfc8 16. Rb5 Qd8 17. Rfb1 Na5 18. Ne5 f6 19. Nf3 Nc4 20. Qc1 Bd7 21. Rxd5 e6 22. Rc5 Rxc5 23. dxc5 Nxe3 24. Qxe3 Qc7 25. Bc4 Kh8 26. Rd1 e5 27. Rd6 Rc8 28. Nd2 f5 29. Qg5 Be8 30. Nb3 a5 31. Be6 Rb8 32. Rb6 Rd8 33.
Nxa5 Rd1+ 34. Kh2 e4+ 35. g3 Qxc5 36. Rb2 Qxa5 37. Rb8 Qb5 38. Rxb5 Bxb5 39. c4 Bc6 40. Bd5 Bxd5 41. Qd8+ Bg8 42. Qxd1 Bxc4 43. Qd8+ Bg8 44. a4 h5 45. a5 Kh7 46. a6 Bc4 47. a7 e3 48. fxe3 1-0

[Event "*** MasterClass Titled Tuesday Blitz"]
[Site "Chess.com"]
[Date "2017.12.12"]
[Round "2"]
[White "Mykola-Bortnyk"]
[Black "GrigorGrigorov"]
[Result "0-1"]
[WhiteElo "2680"]
[BlackElo "2574"]
[TimeControl "180+2"]
[EndTime "13:24:17 PST"]
[Termination "GrigorGrigorov won by resignation"]

1. e4 c5 2. c3 Nf6 3. e5 Nd5 4. d4 cxd4 5. Nf3 d6 6. cxd4 Nc6 7. Bc4 dxe5 8. Bxd5 Qxd5 9. Nc3 Qd6 10. d5 Nd4 11. Nxd4 exd4 12. Qxd4 e5 13. Qe4 f5 14.
Qe2 Bd7 15. Bf4 Kf7 16. Bxe5 Qa6 17. Qxa6 bxa6 18. O-O-O Bc5 19. Bd4 Bd6 20. Rhe1 Rhc8 21. Kb1 a5 22. Be5 Bc5 23. f4 Bb4 24. a3 Bc5 25. Rd3 g6 26. Red1 Re8 27. g3 Rac8 28. Ka2 g5 29. b3 g4 30. Kb2 h5 31. a4 Bb4 32. d6 Rc6 33. Nb5 Rec8 34. Nc7 Kg6 35. Bc3 Bc5 36. Bxa5 h4 37. b4 Bf2 38.
Rc1 Rxc1 39. Kxc1 hxg3 40. hxg3 Rh8 41. b5 Rh3 42. Kc2 Rxg3 43. Nd5 Rg1 44. b6 Bxa4+ 45.
Kb2 axb6 46. Bxb6 g3 47. Rd2 Rf1 48. Bxf2 Rxf2 49. Rxf2 gxf2 50. Ne3 Kf7 51. Kc3 Bb5 52.
Kd4 Ke6 53. d7 Bxd7 54. Kc4 Bc8 55. Kb5 Bb7 56. Kb6 Bg2 0-1

[Event "*** MasterClass Titled Tuesday Blitz"]
[Site "Chess.com"]
[Date "2017.12.12"]
[Round "2"]
[White "OparinGrigoriy"]
[Black "chito89"]
[Result "0-1"]
[WhiteElo "2684"]
[BlackElo "2571"]
[TimeControl "180+2"]
[EndTime "13:24:18 PST"]
[Termination "chito89 won by checkmate"]

1. e4 g6 2. d4 Bg7 3. Nf3 d6 4. Bc4 c6 5. Qe2 d5 6. exd5 cxd5 7. Bd3 Nc6 8. c3 Nf6 9. O-O O-O 10. h3 Bf5 11. Re1 Bxd3 12. Qxd3 Ne4 13. Bf4 Qb6 14. Re2 Rfe8 15. Na3 e6 16. Qb5 Bf8 17. Qxb6 axb6 18. Nc2 b5 19. a3 Na5 20. Rae1 Nc4 21. Bc1 f6 22. Ne3 Kf7 23. Nh2 g5 24. Rf1 Bd6 25.
Nf3 h5 26. Ne1 Rg8 27. Nd3 g4 28. h4 f5 29. Nc2 Rac8 30. Ne3 Na5 31. g3 Nb3 32.
Ng2 Nxc3 33. bxc3 Rxc3 34. Rd1 Rxd3 35. Rxd3 Nxc1 36. Ree3 Nxd3 37. Rxd3 Ra8 38. Rb3 Ra5 39. Nf4 Bxf4 40. gxf4 Kf6 41. Kg2 Ra4 42. Rxb5 Rxd4 43.
Rxb7 Rxf4 44. Ra7 Rf3 45. a4 Ra3 46. a5 Ke5 47. a6 Kf4 48. Ra8 e5 49. Rd8 d4 50. Rd6 d3 51. Rb6 e4 52. Re6 Ra2 53. Rb6 g3 54. a7 Rxf2+ 55. Kg1 Ra2 56. Rb7 Kf3 57. Rb1 Rxa7 58. Rf1+ Kg4 59. Kg2 Ra2+ 60.
Kg1 f4 61. Re1 e3 62. Rb1 f3 63. Kh1 Rh2+ 64. Kg1 f2+ 65. Kf1 e2# 0-1

[Event "*** MasterClass Titled Tuesday Blitz"]
[Site "Chess.com"]
[Date "2017.12.12"]
[Round "2"]
[White "GMBenjaminBok"]
[Black "ShimanovAlex"]
[Result "1/2-1/2"]
[WhiteElo "2594"]
[BlackElo "2646"]
[TimeControl "180+2"]
[EndTime "13:24:22 PST"]
[Termination "Game drawn by agreement"]

1. e4 c6 2. Nc3 d5 3. Nf3 dxe4 4. Nxe4 Nf6 5. Qe2 Bg4 6. d3 e6 7. Bd2 Nbd7 8. h3 Bh5 9. g4 Bg6 10. O-O-O Qc7 11. Nxf6+ gxf6 12. Bg2 O-O-O 13. Kb1 Nc5 14. Bc3 Be7 15. b3 Rhe8 16. Nd2 f5 17. Nc4 Nd7 18.
Rhe1 Bf6 19. Ba5 Nb6 20. a4 fxg4 21. hxg4 Bd4 22. Nxb6+ axb6 23. Bb4 Qf4 24. Rf1 Bg7 25. Ba3 Qd4 26. Ka2 Kc7 27. f4 b5 28. Qf2 bxa4 29.
Qxd4 axb3+ 30. Kxb3 Bxd4 31. f5 exf5 32. gxf5 Bh5 33.
Bf3 Bxf3 34. Rxf3 Re5 35. c3 Rb5+ 36. Kc4 Bf6 37. Rh1 Rh8 38. d4 Rd5 39. Rh5 Kd7 40.
Rfh3 b5+ 41. Kd3 Be7 42. Bxe7 Kxe7 43. Ke4 Rd6 44. Rxh7 Rxh7 45. Rxh7 Kf6 46. Rh8 Ke7 47. Ke5 Rd5+ 48. Ke4 Rd6 49. Rc8 Kd7 50. Rf8 Ke7 51.
Rb8 Rh6 52. Rb7+ Kf6 53. Rc7 Rh4+ 54. Kd3 Rh3+ 55. Kc2 Kxf5 56. Rxf7+ Ke6 57. Rf8 Ke7 58. Rf5 1/2-1/2

[Event "*** MasterClass Titled Tuesday Blitz"]
[Site "Chess.com"]
[Date "2017.12.12"]
[Round "2"]
[White "dolynachess"]
[Black "Blitzstream"]
[Result "1-0"]
[WhiteElo "2297"]
[BlackElo "2492"]
[TimeControl "180+2"]
[EndTime "13:24:22 PST"]
[Termination "dolynachess won by resignation"]

1. d4 Nf6 2. c4 d6 3. Nc3 e5 4.
d5 Bf5 5. Bg5 Be7 6. Bxf6 Bxf6 7. e4 Bg6 8. Be2 O-O 9. Bh5 Bxh5 10.
Qxh5 g6 11. Qe2 Bg5 12. Nf3 Bh6 13. h4 Nd7 14. h5 Kg7 15. Kd1 a5 16. Kc2 Nc5 17.
Rh3 Rh8 18. Rah1 Qf6 19. hxg6 hxg6 20. Nd2 Qf4 21. g3 Qxd2+ 22. Qxd2 Bxd2 23. Kxd2 Rxh3 24. Rxh3 Rf8 25. Ke3 f5 26. f3 f4+ 27. gxf4 exf4+ 28.
Kd4 g5 29. Nb5 Rf7 30. e5 g4 31. fxg4 f3 32. Rh1 Rf4+ 33. Ke3 dxe5 34. b3 Rf7 35. Rf1 e4 36. Kd4 b6 37. d6 cxd6 38. Nxd6 Rd7 39.
Ke5 Rxd6 40. Kxd6 Nd3 41. Kd5 e3 42. Rxf3 e2 43. Re3 Kf6 44. Kc6 e1=Q 45. Rxe1 Nxe1 46.
Kxb6 Nf3 47. c5 Ke6 48. Kxa5 Kd5 49. b4 Kc6 50. a4 Ne5 51. g5 Ng6 52. Ka6 Ne7 53.
a5 Ng6 54. Ka7 Ne7 55. a6 Kc7 56. b5 Nc8+ 57. Ka8 Ne7 58. b6+ Kd7 59. b7 1-0

[Event "*** MasterClass Titled Tuesday Blitz"]
[Site "Chess.com"]
[Date "2017.12.12"]
[Round "2"]
[White "champ1000"]
[Black "arna"]
[Result "1-0"]
[WhiteElo "2255"]
[BlackElo "2149"]
[TimeControl "180+2"]
[EndTime "13:24:23 PST"]
[Termination "champ1000 won by checkmate"]

1. e4 c5 2. Nf3 Nc6 3. d4 cxd4 4. Nxd4 e5 5. Nb5 d6 6. c4 Be7 7. N1c3 a6 8. Na3 f5 9. Bd3 f4 10. g3 Nf6 11. Nc2 Bh3 12. Nd5 O-O 13. Qf3 Bg4 14. Nxf6+ Rxf6 15. Qxg4 Qf8 16. Bd2 b5 17. cxb5 axb5 18.
Bxb5 Na7 19. Bc4+ Kh8 20. gxf4 exf4 21. Bc3 Rg6 22. Qf3 Rc8 23. Bd5 Nb5 24. Nd4 Nxd4 25. Bxd4 Rc2 26. Bb3 Rc8 27. Ke2 Qe8 28. Rhg1 Bf6 29.
Rxg6 Qxg6 30. Rd1 Be5 31. Bxe5 dxe5 32. a4 h6 33. Kf1 Rb8 34. Qd3 Qb6 35. Be6 Qxb2 36.
Bf5 Qb6 37. Qd6 g6 38. Qxg6 Qxg6 39. Bxg6 f3 40. Bh5 Kg7 41. Bxf3 Rb3 42. Be2 Ra3 43. Bb5 Kf6 44. Rd6+ Kg5 45. Kg2 h5 46. f3 Kh4 47. Re6 Ra2+ 48. Kg1 Ra1+ 49. Kf2 Ra2+ 50. Ke3 Ra3+ 51. Bd3 Rxa4 52. Rxe5 Ra2 53. Be2 Ra3+ 54. Kf2 Ra2 55. f4 Ra1 56. Rxh5# 1-0

[Event "*** MasterClass Titled Tuesday Blitz"]
[Site "Chess.com"]
[Date "2017.12.12"]
[Round "2"]
[White "FearNoEvil12"]
[Black "GameOverBro"]
[Result "0-1"]
[WhiteElo "2047"]
[BlackElo "2245"]
[TimeControl "180+2"]
[EndTime "13:24:27 PST"]
[Termination "GameOverBro won by resignation"]

1. e4 d6 2. Nc3 Nf6 3. f4 d5 4. e5 d4 5. exf6 dxc3 6. fxg7 cxd2+ 7. Bxd2 Bxg7 8. Qh5 Qd4 9. Nf3 Qxb2 10. Rd1 Be6 11. Bd3 Nd7 12. O-O O-O-O 13. Rb1 Qa3 14. Qb5 Qc5+ 15. Kh1 Qxb5 16. Rxb5 a6 17. Rb4 Nc5 18. Rfb1 Nxd3 19. cxd3 Bd5 20. Ne5 Bxe5 21.
fxe5 Bxa2 22. R1b2 Bd5 23. d4 b6 24. Kg1 Rhg8 25.
g3 a5 26. Ra4 Bc6 27. Ra1 Rxd4 28. Be3 Rd3 29. Kf2 Rg4 30. Rc1 Kd7 31. Rbc2 Bd5 32. Rxc7+ Ke6 33. Bf4 Rb3 34. R1c2 a4 35. h3 Rg8 36. Ra7 b5 37. Rcc7 Re8 38. g4 Bc4 39. Ra6+ Kd5 40. Raa7 Ke4 41. Bh6 Rxh3 42. Bg5 Kxe5 43.
Rxe7+ Rxe7 44. Rxe7+ Kd5 45. Rxf7 a3 46. Ra7 a2 47.
Bf6 b4 48. g5 b3 49. Kg2 Rh5 50. Kg3 Bd3 51. Kg4 Bg6 52. Kg3 Rh1 53. Kg2 Rc1 54. Kg3 Rc6 55. Ra5+ Kc4 56. Bg7 Rc5 57. Ra4+ Kd3 58.
Ra3 Kc2 59. Kf4 Rc7 60. Be5 Rc4+ 61. Kf3 Rc5 62. Bd4 Rxg5 63. Kf4 Rb5 64. Bf6 Kb1 65. Ke3 b2 66. Kd2 a1=Q 0-1

[Event "*** MasterClass Titled Tuesday Blitz"]
[Site "Chess.com"]
[Date "2017.12.12"]
[Round "2"]
[White "RitvarsReimanis"]
[Black "Apocalyps999"]
[Result "1/2-1/2"]
[WhiteElo "2456"]
[BlackElo "2419"]
[TimeControl "180+2"]
[EndTime "13:24:30 PST"]
[Termination "Game drawn by repetition"]

1. d4 d5 2. e3 Nf6 3. f4 c5 4. Nf3 Nc6 5. c3 g6 6. Bd3 Bg7 7. Ne5 O-O 8. Nd2 Nd7 9. Qf3 f6 10. Qxd5+ Kh8 11. Nf7+ Rxf7 12. Qxf7 cxd4 13. exd4 Nf8 14.
Qb3 Ne6 15. Nf3 Nc5 16. Qc2 Nxd3+ 17. Qxd3 Bf5 18. Qe2 Rc8 19. O-O Qd5 20. Be3 Na5 21.
Nd2 h5 22. a4 h4 23. Qb5 Qd8 24. h3 b6 25. Bf2 Nc4 26. Nxc4 Bd3 27. Rfe1 Bxc4 28.
Qb4 Bf8 29. Bxh4 e6 30. Qxc4 Rxc4 31. Rxe6 Bg7 32. Rae1 Kh7 33. Re7 Rc6 34. Rxa7 Rc7 35. Ra6 Qd6 36. Bg3 g5 37. Rf1 Bh6 38. a5 gxf4 39.
Rxb6 Qd5 40. Bxf4 Rg7 41. g4 Bxf4 42. Rxf4 f5 43. c4 Qxc4 44. Rxf5 Qxd4+ 45. Kg2 Re7 46. Rf2 Re1 47. Rb7+ Kg6 48. Rb6+ Kg7 49. Rb7+ Kg6 50. Rb6+ Kg7 51. Rb7+ Kg6 52. Rb6+ Kg7 53. Rb7+ Kg6 54. Rb6+ Kg7 55. Rb7+ Kg6 1/2-1/2

[Event "*** MasterClass Titled Tuesday Blitz"]
[Site "Chess.com"]
[Date "2017.12.12"]
[Round "2"]
[White "MartinZumsande"]
[Black "Aygehovit1992"]
[Result "1-0"]
[WhiteElo "2463"]
[BlackElo "2449"]
[TimeControl "180+2"]
[EndTime "13:24:31 PST"]
[Termination "MartinZumsande won by resignation"]

1. e4 c5 2. Nf3 d6 3. c3 Nf6 4. h3 g6 5. Bd3 Bg7 6. Bc2 O-O 7. O-O e5 8. d4 exd4 9. cxd4 cxd4 10. Nxd4 Nc6 11. Be3 Re8 12. Nc3 Nxd4 13. Bxd4 Be6 14. Re1 a6 15. a4 Rc8 16. a5 Rc4 17. Bb6 Qb8 18. Ra4 Rec8 19. Rxc4 Rxc4 20. Bb3 Rb4 21. Bxe6 fxe6 22. Re2 Nd7 23. Be3 Ne5 24. Bf4 Qf8 25. Bg3 Nc4 26. Qc1 Ne5 27. Rc2 Rc4 28. b3 Rc6 29. Ne2 Nd3 30. Qd2 Rxc2 31. Qxc2 Nb4 32. Qc7 Be5 33. Qxb7 Bxg3 34. Nxg3 d5 35. exd5 exd5 36.
Ne2 Qc5 37. Qb8+ Kf7 38. Qe5 Nc6 39. Qc7+ Kg8 40. Kh2 d4 41. Nf4 Qe5 42. Qc8+ Kf7 43. g3 Ne7 44. Qc4+ Kf6 45. Qxa6+ Kf5 46. Qd3+ Qe4 47. a6 Qxd3 48. Nxd3 Nc6 49. f3 Ke6 50. b4 Kd5 51. b5 Na7 52. b6 Nc6 53. a7 1-0

[Event "*** MasterClass Titled Tuesday Blitz"]
[Site "Chess.com"]
[Date "2017.12.12"]
[Round "2"]
[White "KhalilMousavi77"]
[Black "Vrolijk"]
[Result "1-0"]
[WhiteElo "2445"]
[BlackElo "2451"]
[TimeControl "180+2"]
[EndTime "13:24:37 PST"]
[Termination "KhalilMousavi77 won by resignation"]

1. e4 e6 2. d4 d5 3. Nc3 Nf6 4. e5 Nfd7 5. f4 c5 6. Nf3 Nc6 7. Be3 Be7 8. Qd2 a6 9. O-O-O b5 10.
f5 c4 11. Ne2 b4 12. Nf4 Nb6 13. Nh5 Bf8 14. f6 g6 15. Ng7+ Kd7 16. Ng5 c3 17. Qf2 cxb2+ 18. Kb1 Na4 19. Bd2 Qa5 20. Bc4 dxc4 21. d5 exd5 22. e6+ Kc7 23. e7 Bxe7 24. fxe7 Nc3+ 25. Bxc3 bxc3 26. e8=Q Rxe8 27. Nxe8+ Kb7 28. Nd6+ Kc7 29. Qf4 Kb6 30. Qe3+ Qc5 31. Qxc5+ Kxc5 32. Nxc8 Rxc8 33. Rhe1 Nd4 34. Nf3 Nb5 35. a4 Na3+ 36. Ka2 Nxc2 37. Re2 Nb4+ 38. Kb1 Nd3 39. Ne5 Kd4 40.
Nf3+ Kc5 41. Ne5 Kd4 42. Nf3+ Kc5 43. Ne1 Nb4 44. Nc2 Nd3 45. Re7 Rb8 46. Rd7 Kc6 47. Rxf7 Rb3 48. Nd4+ Kc5 49. Nxb3+ Kb4 50. Rb7+ Ka3 51.
Nd4 Nb4 52. Nc2+ 1-0

[Event "*** MasterClass Titled Tuesday Blitz"]
[Site "Chess.com"]
[Date "2017.12.12"]
[Round "2"]
[White "Bryakin_Mikhail"]
[Black "JSPrepz"]
[Result "0-1"]
[WhiteElo "2554"]
[BlackElo "2726"]
[TimeControl "180+2"]
[EndTime "13:24:39 PST"]
[Termination "JSPrepz won by resignation"]

1. d4 Nf6 2. c4 c5 3. d5 b5 4.
cxb5 a6 5. e3 Bb7 6. Nc3 axb5 7.
Bxb5 Qa5 8. Bd2 Qb6 9. a4 Nxd5 10.
Nxd5 Bxd5 11. Nf3 Bc6 12. Bxc6 Nxc6 13. Bc3 e6 14. O-O f6 15. e4 Be7 16. e5 f5 17.
Nd2 Qa6 18. f4 O-O 19. Qb3 Rfb8 20. Qc4 Qb6 21. Rfd1 Na5 22. Qe2 Rb7 23. Kf1 Qc6 24.
Qf3 Qxf3+ 25. Nxf3 Nb3 26. Ra2 Rba7 27. Nd2 Nxd2+ 28.
Rxd2 Kf7 29. a5 g5 30. fxg5 Bxg5 31. Rd6 Bd8 32. Ra4 Ke8 33. Rd3 Bxa5 34. Rh4 Bxc3 35.
bxc3 Ra1+ 36. Kf2 R8a2+ 37. Kg3 Rg1 38. Rxh7 Rgxg2+ 39. Kf3 Rxh2 40. Rdxd7 Rxh7 41. Rxh7 Rc2 42. Kf4 Rg2 43. Rc7 Rg4+ 44. Kf3 Rc4 45. Ke3 Re4+ 46. Kf3 Rxe5 47. Kf4 Rd5 48. Kg5 Kd8 49. Ra7 Rd3 50. Kf6 Re3 51. c4 f4 52. Ra8+ Kd7 53. Rf8 f3 54. Kg5 e5 55. Kg4 e4 56. Kf4 Re2 57. Ke5 f2 58. Rf7+ Ke8 59. Ke6 e3 60. Rf3 Re1 0-1

[Event "*** MasterClass Titled Tuesday Blitz"]
[Site "Chess.com"]
[Date "2017.12.12"]
[Round "2"]
[White "SantoBlue"]
[Black "joppie2"]
[Result "0-1"]
[WhiteElo "2588"]
[BlackElo "2653"]
[TimeControl "180+2"]
[EndTime "13:24:40 PST"]
[Termination "joppie2 won by resignation"]

1. Nf3 Nf6 2. c4 c6 3. b3 d5 4.
Bb2 Bg4 5. Ne5 Bf5 6. d3 e6 7. Nd2 Nbd7 8. Nxd7 Qxd7 9. g3 Be7 10.
Bg2 O-O 11. O-O Bg6 12. Nf3 Bd6 13. Ne5 Qe7 14. Nxg6 hxg6 15. e3 Ba3 16. Bc3 Bb4 17. Bb2 Ba3 18. Be5 Bd6 19. Bxf6 Qxf6 20. d4 a5 21. a4 Bb4 22. Qg4 Rad8 23. Rad1 Qf5 24. Qe2 Rfe8 25. h3 Qh5 26. Qc2 Qf5 27. Qe2 Qh5 28. Qb2 Qf5 29. Qc1 Re7 30. Qb2 Red7 31. f4 Qf6 32. Qe2 g5 33. c5 gxf4 34. exf4 b6 35.
cxb6 Rb7 36. Qe3 Rxb6 37. Kh2 c5 38. dxc5 Rc6 39. f5 Bxc5 40. Qd3 Qg5 41. fxe6 fxe6 42. Rc1 Bg1+ 43. Rxg1 Rxc1 44. Qa6 Rxg1 45. Qxe6+ Kh8 46.
Kxg1 Qxg3 47. Qf5 Qe3+ 48. Kh1 Qc1+ 49. Kh2 Qc7+ 50. Kh1 Qd6 51. Bf1 Rf8 52. Qh5+ Qh6 53. Qe2 d4 54. Bg2 Qc1+ 55. Kh2 Qf4+ 56. Kh1 Rc8 57.
Qh5+ Qh6 58. Qe5 Qc1+ 59. Kh2 Qc7 60. Qxc7 Rxc7 61. Bf1 Rc2+ 62. Kg3 d3 63. Kf3 d2 0-1